 Dungeon Crawl Stone Soup version 0.28.0-53-g5a82cb258f (webtiles) character file.

Game seed: 1594619124397292579

340 Descartes the Grasshopper (level 6, -5/44 HPs)
             Began as a Formicid Warper on June 5, 2022.
             Slain by a gnoll
             ... wielding a +0 whip
              (7 damage)
             ... on level 4 of the Dungeon.
             The game lasted 00:11:42 (5992 turns).

Descartes the Grasshopper (Formicid Warper)         Turns: 5992, Time: 00:11:43

Health: -5/44      AC:  3    Str: 18    XL:     6   Next: 87%
Magic:  0/9        EV: 11    Int: 12    God:
Gold:   133        SH:  0    Dex: 10    Spells: 9/9 levels left

rFire   . . .      SeeInvis +   a - +0 spear
rCold   . . .      Faith    .   (no shield)
rNeg    . . .      Spirit   +   b - +0 leather armour
rPois   .          Reflect  .   (helmet unavailable)
rElec   .          Harm     .   (no cloak)
rCorr   .          Rampage  .   (no gloves)
Will    .....                   (no boots)
Stlth   +.........              f - amulet of guardian spirit
HPRegen 0.14/turn               (no ring)
MPRegen 0.11/turn               (no ring)

@: no status effects
A: permanent stasis, dig shafts and tunnels, antennae 3, four strong arms
a: Dig, Shaft Self


You were on level 4 of the Dungeon.
You visited 1 branch of the dungeon, and saw 4 of its levels.

You collected 133 gold pieces.

Inventory:

Hand Weapons
 a - a +0 spear (weapon)
Missiles
 c - 5 boomerangs of dispersal (quivered)
 e - 78 stones
Armour
 b - a +0 leather armour (worn)
Jewellery
 f - an amulet of guardian spirit (around neck)
 q - an amulet of regeneration
 s - a +4 ring of protection
Wands
 m - a wand of paralysis (4)
Scrolls
 d - a scroll of enchant weapon {unknown}
 h - a scroll of silence {unknown}
 i - 2 scrolls of immolation
 j - a scroll of summoning {unknown}
 k - a scroll of teleportation {unknown}
 n - 2 scrolls of fear {unknown}
Potions
 g - 2 potions of lignification {unknown}
 l - a potion of magic
 o - a potion of brilliance {unknown}
 p - 2 potions of attraction {unknown}
 r - a potion of cancellation {unknown}


   Skills:
 - Level 2.1 Fighting
 - Level 2.0 Polearms
 - Level 1.0 Throwing
 + Level 4.1 Armour
 - Level 1.7 Dodging
 + Level 4.1 Shields
 - Level 2.1 Spellcasting
 + Level 4.3 Translocations


You had 9 spell levels left.
You didn't know any spells.
Your spell library contained the following spells:

 Spells                   Type           Power      Damage    Failure   Level
 Gell's Gravitas          Tloc           11%        N/A       16%         3
 Lesser Beckoning         Tloc           11%        N/A       16%         3
 Teleport Other           Tloc           11%        N/A       16%         3
 Scorch                   Fire           2%         2d5       43%         2
 Manifold Assault         Tloc           11%        N/A       83%         5
 Flame Wave               Conj/Fire      1%         2d4       97%         4
 Summon Cactus Giant      Summ           0%         N/A       100%        6
 Blink                    Tloc           Unusable   N/A       N/A         2

Dungeon Overview and Level Annotations

Branches:
Dungeon (4/15)
 Temple: D:4-7

Altars:

Shops:
D:2 *!?(*


Innate Abilities, Weirdness & Mutations

You cannot be hasted, slowed, berserked, paralysed or teleported.
You can dig through walls and to a lower floor.
You have a pair of large antennae on your head. (SInv)
Your four strong arms can wield two-handed weapons with a shield.


Message History

You hit the gnoll.
The gnoll is moderately wounded.
The gnoll closely misses you. The gnoll barely misses you.
You closely miss the gnoll.
The gnoll is moderately wounded.
The gnoll barely misses you. The gnoll closely misses you.
You hit the gnoll but do no damage. Your punch misses the gnoll.
The gnoll is moderately wounded.
The gnoll barely misses you. The gnoll closely misses you.
You hit the gnoll.
The gnoll is moderately wounded.
The gnoll barely misses you. The gnoll hits you with a +0 whip.
* * * LOW HITPOINT WARNING * * *
The gnoll shaman calls upon its god to heal the gnoll.
The gnoll is healed somewhat.
You hit the gnoll.
The gnoll is severely wounded.
The gnoll closely misses you. The gnoll barely misses you.
You hit the gnoll.
The gnoll is almost dead.
The gnoll barely misses you. x2
You hit the gnoll.
You kill the gnoll!
The gnoll barely misses you.
Things that are here:
a +0 spear; a scroll labelled YSHAGG AGGAAZUG The gnoll shouts!
The gnoll barely misses you.
The gnoll shaman calls upon its god to heal the gnoll.
The gnoll's wounds heal themselves!
The gnoll hits you from afar with a +0 spear.
* * * LOW HITPOINT WARNING * * *
The gnoll closely misses you.
Unknown command.
The gnoll closely misses you.
There is a stone staircase leading up here.
The gnoll hits you from afar with a +0 spear.
* * * LOW HITPOINT WARNING * * *
The gnoll hits you with a +0 whip!
You die...

.......# ######## # # ..
# # ♣. ####### ### #. ♣.
##.....##... #..###.
##........... #......
#............ #
#......##...@........ ##
#......#....g........
.####..........gg........
............#............
..####.##.#.#...g........
#...##.##.#..............
###....##.##..#..g..##...
###....#..##..###.### ###
....#....###..# #)#


You could see a gnoll shaman and 4 gnolls.

Vanquished Creatures
  A sky beast (D:4)
  A hound (D:3)
  An orc wizard (D:3)
  2 hound skeletons (D:4)
  3 gnolls
  4 adders
  An adder skeleton (D:4)
  2 worms
  A dart slug (D:2)
  8 orcs
  7 ball pythons
  5 endoplasms
  12 giant cockroaches
  5 hobgoblins
  4 jackals (D:3)
  5 kobolds
  3 quokkas
  5 bats
  2 frilled lizards
  3 goblins
  A jackal skeleton (D:4)
  7 rats
83 creatures vanquished.

Notes
Turn   | Place    | Note
-------+----------+-------------------------------------------
     0 | D:1      | Descartes the Formicid Warper began the quest for the Orb.
     0 | D:1      | Reached XP level 1. HP: 16/16 MP: 3/3
   387 | D:1      | Reached XP level 2. HP: 7/22 MP: 5/5
   755 | D:1      | Reached skill level 1 in Shields
  1145 | D:1      | Found a faded altar of an unknown god.
  1507 | D:2      | Found Istrulo's Weapon Emporium.
  1597 | D:2      | Found Luigep's General Store.
  1617 | D:2      | Found Ceun's Distillery.
  1752 | D:2      | Found Ramai's Magic Scroll Shop.
  1758 | D:2      | Reached XP level 3. HP: 27/27 MP: 6/6
  1829 | D:2      | You fall into a shaft and drop 1 floor!
  2145 | D:2      | Found Gefry's General Store.
  2869 | D:3      | Reached XP level 4. HP: 26/33 MP: 5/7
  3980 | D:3      | Reached XP level 5. HP: 11/38 MP: 8/8
  4778 | D:4      | Reached XP level 6. HP: 5/44 MP: 5/9
  5479 | D:4      | Noticed a sky beast
  5875 | D:4      | Killed a sky beast
  5992 | D:4      | HP: 2/44 [gnoll/+0 spear (3)]
  5992 | D:4      | Slain by a gnoll

Illustrated notes

Levels and vault maps discovered:
D:1:      dpeg_arrival_another_circle, layout_basic,
          hellmonk_ecumenical_altar_blasted, amcnicky_mini_rare_corridor_liquid,
          columned_hall_lemuel
D:2:      layout_loops_corners, serial_shops, nicolae_shop_waterfront, shop,
          nicolae_shop_hallway_plus, shop_fountains, shop_statue
D:3:      minmay_roachtagon, layout_rooms, minmay_misc_feat_nine_boxes
D:4:      layout_rooms, minmay_misc_feat_four_crosses, minmay_tree_intersection

Skill      XL: |  1  2  3  4  5  6 |
---------------+-------------------+-----
Shields        | 1 2 3 4 |  4.1
Translocations | 3 4 |  4.3
Armour         | 2 3 4 |  4.1
Fighting       | |  2.1
Polearms       | |  2.0
Throwing       | |  1.0
Dodging        | |  1.7
Spellcasting   | |  2.1

Action                   |  1- 3 |  4- 6 || total
-------------------------+-------+-------++-------
Melee: Spear             |   160 |   313 ||   473
       Punch             |       |     4 ||     4
 Abil: Dig               |       |     1 ||     1
Evoke: Wand              |       |     2 ||     2
  Use: Potion            |       |     6 ||     6
 Stab: Paralysed         |       |    21 ||    21
Armor: Leather armour    |    26 |    64 ||    90
Dodge: Dodged            |    52 |   192 ||   244
